 Dungeon Crawl Stone Soup version 0.31.0-12-g77e489cdc1 (webtiles) character file.

Game seed: 11819724581101132104

210 lordive the Destroyer (level 5, -1/28 HPs)
             Began as a Tengu Conjurer on Feb 28, 2024.
             Shot with a bolt by an orc (12 damage)
             ... on level 3 of the Dungeon.
             The game lasted 00:07:47 (3135 turns).

lordive the Destroyer (Tengu Conjurer)              Turns: 3135, Time: 00:07:47

Health: -1/28      AC:  2    Str:  7    XL:     5   Next: 88%
Magic:  8/10       EV: 12    Int: 21    God:
Gold:   100        SH:  0    Dex: 12    Spells: 7/10 levels left

rFire   . . .        l - +2 mace (drain)
rCold   . . .        (no shield)
rNeg    . . .        a - +0 robe
rPois   .            (helmet restricted)
rElec   .            (no cloak)
rCorr   .            (no gloves)
SInv    .            (boots unavailable)
Will    .....        (no amulet)
Stlth   ++           (no ring)
HPRegen 0.24/turn    (no ring)
MPRegen 0.12/turn

%: acrobat
@: no status effects
A: beak, talons 3, acrobatic
a: no special abilities


You were on level 3 of the Dungeon.
You visited 1 branch of the dungeon, and saw 3 of its levels.

You collected 100 gold pieces.

Inventory:

Hand Weapons
 l - a +2 mace of draining (weapon)
Armour
 a - a +0 robe (worn)
 d - a +0 leather armour
Scrolls
 h - a scroll of silence {unknown}
 i - a scroll of blinking {unknown}
 j - 3 scrolls of identify {unknown}
 k - 3 scrolls of fog {unknown}
 m - a scroll of noise {unknown}
 n - a scroll of revelation {unknown}
Potions
 b - a potion of magic
 c - a potion of enlightenment {unknown}
 e - 2 potions of haste {unknown}
 f - a potion of attraction {unknown}
 g - 4 potions of curing {unknown}


   Skills:
 + Level 0.8 Fighting
 + Level 2.3 Dodging
 - Level 2.0 Stealth
 + Level 3.2 Spellcasting
 + Level 8.0 Conjurations


You had 7 spell levels left.
You knew the following spells:

 Your Spells              Type           Power      Damage    Failure   Level
a - Magic Dart            Conj           100%       1d8       1%          1
b - Searing Ray           Conj           74%        2d7       1%          2

Your spell library contained the following spells:

 Spells                   Type           Power      Damage    Failure   Level
 Hailstorm                Conj/Ice       20%        3d7       8%          3
 Necrotise                Necr           12%        1d4       13%         1
 Fulminant Prism          Conj/Alch      10%        3d9       24%         4
 Iskenderun's Mystic Bla  Conj/Tloc      20%        2d6       24%         4
 Frozen Ramparts          Ice            6%         1d1       36%         3
 Summon Ice Beast         Ice/Summ       3%         N/A       36%         3
 Vampiric Draining        Necr           3%         2d6       36%         3
 Leda's Liquefaction      Alch/Erth      1%         N/A       78%         4
 Martyr's Knell           Necr/Summ      3%         N/A       78%         4
 Petrify                  Alch/Erth      3%         N/A       78%         4
 Curse of Agony           Necr           3%         N/A       98%         5
 Metabolic Englaciation   Hex/Ice        1%         N/A       98%         5
 Sculpt Simulacrum        Ice/Alch       1%         N/A       100%        6


Dungeon Overview and Level Annotations

Branches:
Dungeon (3/15)

Altars:

Annotations:
D:3 Gadfly's ghost, amateur DsSh


Innate Abilities, Weirdness & Mutations

You have a beak for a mouth.
You have claws for feet.
You can magically evade attacks while moving or waiting.


Message History

The searing ray hits the adder.
The adder is moderately wounded. (Press . to maintain the ray.) Unknown command.
The searing ray misses the adder.
The searing ray hits the adder!
You kill the adder!
You finish channelling your searing ray.
Unknown command.
You see here an adder corpse.
The orc shouts!
You hear a shout!
Found a roughly hewn altar of Beogh.
The orc priest shouts!
You hear a shout!
Found a shiny helmet.
Could not explore, unopened runed door.
Could not explore, unopened runed door.
Could not explore, unopened runed door.
Could not explore, unopened runed door.
You open the gate.
The orc jeers noisily.
The orc shoots a bolt.
The bolt barely misses you.
The orc shoots a bolt.
The bolt hits you!!
Ouch! That really hurt!
The orc closely misses you.
Casting: Searing Ray (safe; 1% risk of failure)
Confirm with . or Enter, or press ? or * to list all spells.
Aiming: Searing Ray (safe; 1% risk of failure)
Press: ? - help, Shift-Dir - straight line, f - orc
Aim: an orc, wielding a +0 club (81% to hit)
The searing ray hits the orc!
You kill the orc!
The searing ray hits the orc.
The orc is moderately wounded.
The searing ray hits the orc priest.
The orc priest is moderately wounded.
The searing ray hits the orc!
You kill the orc! (Press . to maintain the ray.)
The orc shoots a bolt.
The bolt hits you!
You die...

....####.............#...........
......##.............#.#8#..8..#8
.....................#.###.....##
....#.##.....#######.#....#####..
##.##.##.#.### #)#..Wo.......
##.##......# #.######'''###
...#####.#.# #.8...........
...#####.#.#########.o...........
................@)ooo..#####.##..
...........###..####.....# #.....
.....###.#####..#####.##.# #.####
...### #.##..............###.....
...# #.##.##..##..............#
#### #........##.##.##.###.##.#
####.###..........##......
#<....##.##.##.##......
#.###.##.......##.###.#


You could see an orc priest and 3 orcs.

Vanquished Creatures
  A hound (D:3)
  An orc priest (D:3)
  Robin (D:2)
  4 adders
  4 dart slugs
  2 ribbon worms
  13 orcs (D:3)
  4 ball pythons
  4 endoplasms
  2 giant cockroaches
  12 goblins
  5 hobgoblins
  4 quokkas
  10 bats
  3 frilled lizards
  5 kobolds
  8 rats
83 creatures vanquished.

Notes
Turn   | Place    | Note
-------+----------+-------------------------------------------
     0 | D:1      | lordive the Tengu Conjurer began the quest for the Orb.
     0 | D:1      | Reached XP level 1. HP: 10/10 MP: 4/4
   194 | D:1      | Reached XP level 2. HP: 15/15 MP: 4/6
   477 | D:1      | Reached skill level 6 in Conjurations
   959 | D:1      | Reached XP level 3. HP: 19/19 MP: 2/7
  1441 | D:2      | Learned a level 2 spell: Searing Ray
  1569 | D:1      | Reached skill level 7 in Conjurations
  1569 | D:1      | Reached XP level 4. HP: 23/24 MP: 1/8
  1697 | D:2      | Noticed Robin
  1773 | D:2      | Killed Robin
  2176 | D:3      | Found a runed translucent gate.
  2176 | D:3      | Noticed Gadfly's ghost (amateur DsSh)
  2177 | D:3      | Found a runed translucent gate.
  2178 | D:3      | Found a runed translucent gate.
  2331 | D:3      | Reached XP level 5. HP: 28/28 MP: 5/10
  2811 | D:3      | Reached skill level 8 in Conjurations
  3135 | D:3      | Shot with a bolt by an orc

Illustrated notes

Levels and vault maps discovered:
D:1:      dpeg_arrival_tiny_f, layout_loops_corners, minmay_misc_feat_columns,
          minmay_pentomino_x2
D:2:      layout_rooms, minmay_misc_feat_roman, uniq_robin
D:3:      layout_loops_cross, biasface_ghost_orc_armoury, serial_glass,
          glass_columns_a, glass_columns_a, glass_columns_b, glass_columns_b

Skill      XL: |  1  2  3  4  5 |
---------------+----------------+-----
Conjurations   | 6 7 8 |  8.0
Spellcasting   | 3 |  3.2
Fighting       | |  0.8
Dodging        | |  2.3
Stealth        | |  2.0

Action                     |  1- 3 |  4- 6 || total
---------------------------+-------+-------++-------
   Cast: Magic Dart        |    66 |    34 ||   100
         Searing Ray       |     2 |    19 ||    21
 Armour: Robe              |     7 |    13 ||    20
  Dodge: Dodged            |    23 |    30 ||    53
